Flames vs Senators

Created - 9 mars 2019 at 22:53

Goals
1 2 3 T
Flames 1 0 0 1
Senators 0 0 0 0
Shots
1 2 3 T
Flames 11 9 8 28
Senators 4 10 12 26

1st period

1. Flames , David Kampf 3 (Noah Juulsen 1, Mike Smith) at 13:13

Penalties :
Alec Martinez (CGY) for Holding Stick (Minor) at 18:58

2nd period

No Goal

Penalties :
Jason Chimera (OTT) for Roughing (Minor) at 2:33

3rd period

No Goal

Penalties :
Adam Larsson (OTT) for Roughing (Minor) at 17:11

Goalie Stats

Mike Smith (CGY), 26 saves from 26 shots - (1.000), W, 5-6-0, 60:00 minutes
Cam Talbot (OTT), 27 saves from 28 shots - (0.964), L, 15-11-3, 59:28 minutes

Players Stats for Flames

Player Name              G  A  P  +/- PIM S  H  SB GA TA FO     MP     PP MP  PK MP  
------------------------------------------------------------------------------------
Alec Martinez            0  0  0   0  2   1  3  3  0  0  0/0    17:27   1:49   0:00 
Artem Anisimov           0  0  0   0  0   3  0  0  0  0  1/4     3:52   0:00   0:00 
Brandon Sutter           0  0  0   0  0   5  2  1  0  0  16/33  27:30   1:27   1:54 
Conor Sheary             0  0  0   0  0   1  0  0  0  0  0/3     8:08   0:00   0:00 
David Kampf              1  0  1   1  0   2  1  1  0  0  4/7    19:43   0:30   0:00 
Devante Smith-Pelly      0  0  0   1  0   0  1  0  0  0  2/3    21:17   2:09   0:21 
Haydn Fleury             0  0  0   1  0   0  0  0  0  0  0/0     6:30   0:00   0:00 
James van Riemsdyk       0  0  0   0  0   3  2  0  0  0  1/1    20:07   1:49   0:05 
Jared Spurgeon           0  0  0   0  0   1  1  3  0  0  0/0    24:29   2:09   1:36 
Jason Demers             0  0  0   0  0   3  2  1  0  0  0/0    17:51   1:49   0:23 
Jason Garrison           0  0  0   0  0   0  2  1  0  0  0/0    11:36   0:00   0:23 
Jordan Martinook         0  0  0   1  0   1  2  0  0  0  0/1    20:38   2:09   0:00 
Justin Faulk             0  0  0   0  0   2  1  1  0  0  0/0    24:29   2:09   1:36 
Marc Staal               0  0  0   0  0   0  1  1  0  0  0/0    11:13   0:00   0:00 
Matthew Peca             0  0  0   0  0   4  2  0  0  0  6/23   21:24   2:01   0:00 
Nick Ritchie             0  0  0   0  0   0  4  0  0  0  1/7    15:01   0:00   1:33 
Noah Juulsen             0  1  1   1  0   1  2  0  0  0  0/0     6:27   0:00   0:00 
Viktor Arvidsson         0  0  0   0  0   1  0  0  0  0  3/4    20:18   1:49   0:05 

Players Stats for Senators

Player Name              G  A  P  +/- PIM S  H  SB GA TA FO     MP     PP MP  PK MP  
------------------------------------------------------------------------------------
Adam Larsson             0  0  0  -1  2   1  5  0  0  0  0/0    25:02   0:49   0:10 
Alexander Wennberg       0  0  0   0  0   2  2  0  0  0  15/29  19:47   1:10   0:10 
Brian Gionta             0  0  0   0  0   0  1  1  0  0  0/0    11:53   0:00   0:00 
Connor Brown             0  0  0   0  0   2  1  0  0  0  0/1    21:30   1:10   2:04 
Daniel Winnik            0  0  0   0  0   1  0  1  0  0  0/0     7:37   0:00   1:41 
Eric Staal               0  0  0  -1  0   3  0  0  0  0  16/24  20:48   0:49   2:12 
Jakob Chychrun           0  0  0   0  0   2  2  1  0  0  0/0    24:38   1:10   1:40 
Jaromir Jagr             0  0  0   0  0   1  0  0  0  0  0/0    11:53   0:00   0:00 
Jason Chimera            0  0  0   0  2   1  0  0  0  0  0/0     6:23   0:00   0:28 
Justin Falk              0  0  0   0  0   0  1  1  0  0  0/0    22:23   1:10   2:01 
Mark Stone               0  0  0   0  0   5  2  0  0  0  1/3    20:15   1:10   0:00 
Matt Bartkowski          0  0  0  -1  0   0  0  1  0  0  0/0    20:00   0:00   1:14 
Matt Stajan              0  0  0   0  0   2  0  0  0  0  6/8     7:42   0:00   1:12 
Niklas Hjalmarsson       0  0  0   0  0   0  0  1  0  0  0/0     9:14   0:49   0:49 
Patrick Kane             0  0  0  -1  0   3  1  0  0  0  1/1    18:47   0:49   0:00 
Rickard Rakell           0  0  0  -1  0   3  6  0  0  0  1/3    18:12   0:49   0:14 
Robert Hagg              0  0  0   0  0   0  2  0  0  0  0/0    17:17   0:00   1:11 
Valtteri Filppula        0  0  0   0  0   0  0  0  0  0  12/17  12:39   0:00   0:46 

3 Stars

1 - Mike Smith (CGY)
2 - Cam Talbot (OTT)
3 - David Kampf (CGY)

Power Play

Flames - 0 on 2 Attempt(s) - 0.00%
Senators - 0 on 1 Attempt(s) - 0.00%

Penalty Kill

Flames - 1 on 1 Attempt(s) - 100.00% - Score 0 goal in Penalty Kill
Senators - 2 on 2 Attempt(s) - 100.00% - Score 0 goal in Penalty Kill

Team Stat

Flames - Hits : 26 - Faceoff Wins : 34 - Blocked Shots : 12 - Penalty Minutes : 2
Senators - Hits : 23 - Faceoff Wins : 52 - Blocked Shots : 6 - Penalty Minutes : 4

Official

Referees : Justin StPierre and Greg Kimmerly
Linesman : Brian Murphy and Matt MacPherson

Game Notes

Artem Anisimov is injured at 10:00 of 1st period (Back)
Niklas Hjalmarsson is injured at 3:22 of 2nd period (Right Knee)

Finance

Level 1 -- Attendance: 6500 (100.00%) -- Ticket Income 650 000 $
Level 2 -- Attendance: 4660 (93.20%) -- Ticket Income 279 600 $
Level 3 -- Attendance: 3183 (90.94%) -- Ticket Income 111 405 $
Level 4 -- Attendance: 2931 (92.96%) -- Ticket Income 87 930 $
Luxury Box -- Attendance: 699 (69.90%) -- Ticket Income 174 750 $
Game was played at the Canadian Tire Centre.
Total Attendance: 17973 (93.84%)
Total Ticket Income: 1 303 685 $
Other Income: 638 806 $
Total Income: 1 942 491 $

% Time on Ice - Flames

Lines # - Real PCT - Wanted PCT - Time Play
Normal Forward
1 - 34% - 40% - 17:53
2 - 35% - 30% - 18:29
3 - 16% - 20% - 8:44
4 - 15% - 10% - 8:08
Normal Defense
1 - 37% - 40% - 19:55
2 - 29% - 30% - 15:39
3 - 21% - 20% - 11:13
4 - 12% - 10% - 6:27
PP Forward
1 - 46% - 60% - 1:49
2 - 54% - 40% - 2:09
PP Defense
1 - 54% - 60% - 2:09
2 - 46% - 40% - 1:49
PK Forward
1 - 96% - 60% - 1:54
2 - 4% - 40% - 0:05
PK Defense
1 - 81% - 60% - 1:36
2 - 19% - 40% - 0:23
PK3 Forward
1 - 0% - 60%
2 - 0% - 40%
PK3 Defense
1 - 0% - 60%
2 - 0% - 40%
44 Forward
1 - 0% - 60%
2 - 0% - 40%
44 Defense
1 - 0% - 60%
2 - 0% - 40%
Last Minute Offensive  - 0:00
Last Minute Defensive  - 0:49
Total
Forward - 60:00
Defense - 60:00

% Time on Ice - Senators

Lines # - Real PCT - Wanted PCT - Time Play
Normal Forward
1 - 32% - 35% - 17:09
2 - 34% - 35% - 18:16
3 - 22% - 20% - 11:53
4 - 11% - 10% - 5:56
Normal Defense
1 - 44% - 40% - 23:22
2 - 25% - 30% - 13:26
3 - 25% - 20% - 13:34
4 - 5% - 10% - 2:52
PP Forward
1 - 41% - 50% - 0:49
2 - 59% - 50% - 1:10
PP Defense
1 - 41% - 60% - 0:49
2 - 59% - 40% - 1:10
PK Forward
1 - 81% - 60% - 3:12
2 - 19% - 40% - 0:46
PK Defense
1 - 57% - 60% - 2:15
2 - 43% - 40% - 1:43
PK3 Forward
1 - 0% - 60%
2 - 0% - 40%
PK3 Defense
1 - 0% - 60%
2 - 0% - 40%
44 Forward
1 - 0% - 60%
2 - 0% - 40%
44 Defense
1 - 0% - 60%
2 - 0% - 40%
Last Minute Offensive  - 0:49
Last Minute Defensive  - 0:00
Total
Forward - 60:00
Defense - 60:00

Play-by-Play

1st period


0:01 of 1st period - Brandon Sutter wins face-off versus Eric Staal in neutral zone.
0:31 of 1st period - Off-side.
0:32 of 1st period - Alexander Wennberg wins face-off versus Artem Anisimov in neutral zone.
1:09 of 1st period - Shot by Artem Anisimov.
1:09 of 1st period - Stopped by Cam Talbot with a rebound.
1:20 of 1st period - Icing by Mark Stone.
1:21 of 1st period - David Kampf wins face-off versus Alexander Wennberg in Senators zone.
1:55 of 1st period - Shot by Matthew Peca.
1:55 of 1st period - Stopped by Cam Talbot without a rebound.
1:56 of 1st period - Brandon Sutter wins face-off versus Matt Stajan in Senators zone.
2:47 of 1st period - Shot by Rickard Rakell.
2:47 of 1st period - Shot Misses the Net.
2:56 of 1st period - Rickard Rakell is hit by Jared Spurgeon and loses puck.
3:33 of 1st period - Shot by Artem Anisimov.
3:33 of 1st period - Stopped by Cam Talbot without a rebound.
3:34 of 1st period - Matthew Peca wins face-off versus Valtteri Filppula in Senators zone.
3:34 of 1st period - Alec Martinez is hit by Adam Larsson and loses puck.
4:12 of 1st period - Shot by Matthew Peca.
4:12 of 1st period - Stopped by Cam Talbot without a rebound.
4:13 of 1st period - Alexander Wennberg wins face-off versus Artem Anisimov in Senators zone.
4:20 of 1st period - Icing by Marc Staal.
4:21 of 1st period - Alexander Wennberg wins face-off versus Artem Anisimov in Flames zone.
5:15 of 1st period - Icing by Connor Brown.
5:16 of 1st period - Brandon Sutter wins face-off versus Mark Stone in Senators zone.
5:29 of 1st period - Icing by Niklas Hjalmarsson.
5:30 of 1st period - Mark Stone wins face-off versus Nick Ritchie in Senators zone.
5:30 of 1st period - Mark Stone is hit by Nick Ritchie.
5:47 of 1st period - Jared Spurgeon is hit by Rickard Rakell and loses puck.
5:58 of 1st period - Shot by Patrick Kane.
5:58 of 1st period - Stopped by Mike Smith without a rebound.
5:59 of 1st period - Valtteri Filppula wins face-off versus Brandon Sutter in Flames zone.
5:59 of 1st period - Valtteri Filppula is hit by Jason Demers.
6:20 of 1st period - Adam Larsson is hit by Brandon Sutter and loses puck.
6:32 of 1st period - Off-side.
6:33 of 1st period - Artem Anisimov wins face-off versus Rickard Rakell in neutral zone.
6:35 of 1st period - Jared Spurgeon is hit by Robert Hagg and loses puck.
7:08 of 1st period - Jordan Martinook is hit by Rickard Rakell and loses puck.
7:41 of 1st period - Shot by Noah Juulsen.
7:41 of 1st period - Stopped by Cam Talbot without a rebound.
7:42 of 1st period - Brandon Sutter wins face-off versus Valtteri Filppula in Senators zone.
7:49 of 1st period - Shot by James van Riemsdyk.
7:49 of 1st period - Stopped by Cam Talbot without a rebound.
7:50 of 1st period - Brandon Sutter wins face-off versus Alexander Wennberg in Senators zone.
8:22 of 1st period - Brandon Sutter is hit by Jakob Chychrun and loses puck.
8:49 of 1st period - Brian Gionta is hit by Devante Smith-Pelly and loses puck.
8:54 of 1st period - Shot by Justin Faulk.
8:54 of 1st period - Stopped by Cam Talbot with a rebound.
8:56 of 1st period - Shot by Artem Anisimov.
8:56 of 1st period - Stopped by Cam Talbot without a rebound.
8:57 of 1st period - Rickard Rakell wins face-off versus Matthew Peca in Senators zone.
8:57 of 1st period - Rickard Rakell is hit by Nick Ritchie.
9:17 of 1st period - Icing by Eric Staal.
9:18 of 1st period - Eric Staal wins face-off versus Jordan Martinook in Senators zone.
9:43 of 1st period - Patrick Kane is hit by Justin Faulk and loses puck.
9:59 of 1st period - Artem Anisimov is hit by Adam Larsson and loses puck.
10:00 of 1st period - Artem Anisimov from Flames is injured at 10:00 of 1st period (Back).
10:01 of 1st period - Brandon Sutter wins face-off versus Valtteri Filppula in Senators zone.
10:12 of 1st period - Shot by Brian Gionta.
10:12 of 1st period - Shot Misses the Net.
10:22 of 1st period - Valtteri Filppula is hit by Matthew Peca and loses puck.
11:20 of 1st period - Icing by Marc Staal.
11:21 of 1st period - David Kampf wins face-off versus Alexander Wennberg in Flames zone.
11:47 of 1st period - Shot by Mark Stone.
11:47 of 1st period - Stopped by Mike Smith without a rebound.
11:48 of 1st period - Eric Staal wins face-off versus Matthew Peca in Flames zone.
11:53 of 1st period - Shot by Patrick Kane.
11:53 of 1st period - Deflect By Rickard Rakell.
11:53 of 1st period - Stopped by Mike Smith without a rebound.
11:54 of 1st period - Brandon Sutter wins face-off versus Matt Stajan in Flames zone.
12:30 of 1st period - Shot by Daniel Winnik.
12:30 of 1st period - Deflect By Jason Chimera.
12:30 of 1st period - Shot Blocked by Justin Faulk.
13:13 of 1st period - Shot by David Kampf.
13:13 of 1st period - Goal by David Kampf - Flames : 1 - Senators : 0.
13:14 of 1st period - Alexander Wennberg wins face-off versus Brandon Sutter in neutral zone.
13:21 of 1st period - Shot by Connor Brown.
13:21 of 1st period - Shot Misses the Net.
13:23 of 1st period - Shot by Jakob Chychrun.
13:23 of 1st period - Shot Misses the Net.
13:25 of 1st period - Shot by Alexander Wennberg.
13:25 of 1st period - Shot Blocked by Alec Martinez.
13:44 of 1st period - James van Riemsdyk is hit by Jakob Chychrun and loses puck.
14:39 of 1st period - Shot by Eric Staal.
14:39 of 1st period - Shot Misses the Net.
15:25 of 1st period - Icing by Justin Falk.
15:26 of 1st period - Valtteri Filppula wins face-off versus Brandon Sutter in Senators zone.
15:53 of 1st period - Shot by Mark Stone.
15:53 of 1st period - Shot Misses the Net.
16:24 of 1st period - Icing by Matthew Peca.
16:25 of 1st period - Eric Staal wins face-off versus Brandon Sutter in Flames zone.
16:25 of 1st period - Eric Staal is hit by Noah Juulsen.
16:31 of 1st period - Shot by Rickard Rakell.
16:31 of 1st period - Deflect By Patrick Kane.
16:31 of 1st period - Stopped by Mike Smith without a rebound.
16:32 of 1st period - Eric Staal wins face-off versus Nick Ritchie in Flames zone.
16:36 of 1st period - Rickard Rakell is hit by Alec Martinez and loses puck.
16:41 of 1st period - Shot by Patrick Kane.
16:41 of 1st period - Shot Misses the Net.
16:43 of 1st period - Shot by Eric Staal.
16:43 of 1st period - Shot Blocked by Alec Martinez.
17:19 of 1st period - Shot by Viktor Arvidsson.
17:19 of 1st period - Deflect By James van Riemsdyk.
17:19 of 1st period - Stopped by Cam Talbot without a rebound.
17:20 of 1st period - David Kampf wins face-off versus Mark Stone in Senators zone.
17:23 of 1st period - Shot by David Kampf.
17:23 of 1st period - Shot Misses the Net.
18:08 of 1st period - Off-side.
18:09 of 1st period - Valtteri Filppula wins face-off versus Matthew Peca in neutral zone.
18:32 of 1st period - Shot by Conor Sheary.
18:32 of 1st period - Stopped by Cam Talbot without a rebound.
18:33 of 1st period - Eric Staal wins face-off versus Nick Ritchie in Senators zone.
18:33 of 1st period - Patrick Kane is hit by Nick Ritchie and loses puck.
18:58 of 1st period - Minor Penalty to Alec Martinez for Holding Stick.
18:59 of 1st period - Brandon Sutter wins face-off versus Alexander Wennberg in Flames zone.
19:05 of 1st period - Icing by Justin Falk.
19:06 of 1st period - Brandon Sutter wins face-off versus Alexander Wennberg in Senators zone.
Goals for this period are 1 for Flames vs 0 for Senators.
Shots for this period are 11 for Flames vs 4 for Senators.

2nd period


0:01 of 2nd period - Eric Staal wins face-off versus Nick Ritchie in neutral zone.
0:04 of 2nd period - Shot by Eric Staal.
0:04 of 2nd period - Stopped by Mike Smith without a rebound.
0:05 of 2nd period - Eric Staal wins face-off versus Brandon Sutter in Flames zone.
0:20 of 2nd period - Shot by Rickard Rakell.
0:20 of 2nd period - Deflect By Eric Staal.
0:20 of 2nd period - Shot Misses the Net.
0:22 of 2nd period - Shot by Adam Larsson.
0:22 of 2nd period - Shot Blocked by Jared Spurgeon.
0:37 of 2nd period - Shot by Patrick Kane.
0:37 of 2nd period - Shot Blocked by Brandon Sutter.
0:39 of 2nd period - Shot by Rickard Rakell.
0:39 of 2nd period - Stopped by Mike Smith without a rebound.
0:40 of 2nd period - Alexander Wennberg wins face-off versus Brandon Sutter in Flames zone.
0:41 of 2nd period - Shot by Mark Stone.
0:41 of 2nd period - Shot Misses the Net.
1:15 of 2nd period - Daniel Winnik is hit by Nick Ritchie and loses puck.
2:33 of 2nd period - Minor Penalty to Jason Chimera for Roughing.
2:34 of 2nd period - Valtteri Filppula wins face-off versus Matthew Peca in Senators zone.
3:18 of 2nd period - Shot by Jason Demers.
3:18 of 2nd period - Deflect By James van Riemsdyk.
3:18 of 2nd period - Shot Blocked by Justin Falk.
3:20 of 2nd period - Shot by Jason Demers.
3:20 of 2nd period - Stopped by Cam Talbot without a rebound.
3:21 of 2nd period - Viktor Arvidsson wins face-off versus Rickard Rakell in Senators zone.
3:22 of 2nd period - Shot by Jason Demers.
3:22 of 2nd period - Deflect By James van Riemsdyk.
3:22 of 2nd period - Shot Blocked by Niklas Hjalmarsson.
3:22 of 2nd period - Niklas Hjalmarsson from Senators is injured at 3:22 of 2nd period (Right Knee).
3:23 of 2nd period - Brandon Sutter wins face-off versus Connor Brown in Senators zone.
3:38 of 2nd period - Shot by James van Riemsdyk.
3:38 of 2nd period - Shot Misses the Net.
3:40 of 2nd period - Shot by Brandon Sutter.
3:40 of 2nd period - Stopped by Cam Talbot with a rebound.
3:42 of 2nd period - Shot by Brandon Sutter.
3:42 of 2nd period - Stopped by Cam Talbot with a rebound.
3:44 of 2nd period - Shot by Brandon Sutter.
3:44 of 2nd period - Shot Misses the Net.
3:59 of 2nd period - Justin Falk is hit by James van Riemsdyk and loses puck.
4:26 of 2nd period - Shot by Jared Spurgeon.
4:26 of 2nd period - Shot Hit the Post.
4:55 of 2nd period - Icing by Adam Larsson.
4:56 of 2nd period - Valtteri Filppula wins face-off versus Conor Sheary in Senators zone.
5:11 of 2nd period - Shot by Conor Sheary.
5:11 of 2nd period - Shot Misses the Net.
5:13 of 2nd period - Shot by Brandon Sutter.
5:13 of 2nd period - Shot Blocked by Jakob Chychrun.
5:15 of 2nd period - Shot by Brandon Sutter.
5:15 of 2nd period - Stopped by Cam Talbot without a rebound.
5:16 of 2nd period - Devante Smith-Pelly wins face-off versus Eric Staal in Senators zone.
5:24 of 2nd period - Icing by Justin Falk.
5:25 of 2nd period - Eric Staal wins face-off versus Brandon Sutter in Senators zone.
5:34 of 2nd period - Shot by Rickard Rakell.
5:34 of 2nd period - Shot Misses the Net.
6:26 of 2nd period - Shot by Jason Demers.
6:26 of 2nd period - Stopped by Cam Talbot without a rebound.
6:27 of 2nd period - Alexander Wennberg wins face-off versus Nick Ritchie in Senators zone.
6:31 of 2nd period - Off-side.
6:32 of 2nd period - Alexander Wennberg wins face-off versus Matthew Peca in neutral zone.
6:39 of 2nd period - Shot by Connor Brown.
6:39 of 2nd period - Stopped by Mike Smith with a rebound.
6:41 of 2nd period - Shot by Mark Stone.
6:41 of 2nd period - Shot Misses the Net.
6:43 of 2nd period - Shot by Mark Stone.
6:43 of 2nd period - Shot Misses the Net.
7:12 of 2nd period - Icing by Marc Staal.
7:13 of 2nd period - Valtteri Filppula wins face-off versus Matthew Peca in Flames zone.
7:29 of 2nd period - Brian Gionta is hit by Marc Staal and loses puck.
8:01 of 2nd period - Off-side.
8:02 of 2nd period - Eric Staal wins face-off versus Brandon Sutter in neutral zone.
8:31 of 2nd period - Shot by Rickard Rakell.
8:31 of 2nd period - Shot Misses the Net.
8:37 of 2nd period - Shot by Rickard Rakell.
8:37 of 2nd period - Stopped by Mike Smith without a rebound.
8:38 of 2nd period - Brandon Sutter wins face-off versus Alexander Wennberg in Flames zone.
8:38 of 2nd period - Brandon Sutter is hit by Alexander Wennberg.
8:46 of 2nd period - Shot by Alec Martinez.
8:46 of 2nd period - Stopped by Cam Talbot without a rebound.
8:47 of 2nd period - Alexander Wennberg wins face-off versus Brandon Sutter in Senators zone.
8:52 of 2nd period - Alec Martinez is hit by Mark Stone and loses puck.
9:13 of 2nd period - Shot by Alexander Wennberg.
9:13 of 2nd period - Stopped by Mike Smith without a rebound.
9:14 of 2nd period - Nick Ritchie wins face-off versus Eric Staal in Flames zone.
10:10 of 2nd period - Shot by Brandon Sutter.
10:10 of 2nd period - Shot Misses the Net.
10:14 of 2nd period - Shot by James van Riemsdyk.
10:14 of 2nd period - Shot Misses the Net.
10:18 of 2nd period - Shot by James van Riemsdyk.
10:18 of 2nd period - Shot Misses the Net.
10:33 of 2nd period - Icing by Matt Bartkowski.
10:34 of 2nd period - Eric Staal wins face-off versus Matthew Peca in Senators zone.
11:00 of 2nd period - Shot by David Kampf.
11:00 of 2nd period - Stopped by Cam Talbot without a rebound.
11:01 of 2nd period - Valtteri Filppula wins face-off versus David Kampf in Senators zone.
11:41 of 2nd period - Off-side.
11:42 of 2nd period - Brandon Sutter wins face-off versus Alexander Wennberg in neutral zone.
11:46 of 2nd period - Viktor Arvidsson is hit by Adam Larsson and loses puck.
13:00 of 2nd period - Off-side.
13:01 of 2nd period - Valtteri Filppula wins face-off versus Matthew Peca in neutral zone.
13:53 of 2nd period - Icing by Haydn Fleury.
13:54 of 2nd period - Brandon Sutter wins face-off versus Alexander Wennberg in Flames zone.
14:03 of 2nd period - Shot by Conor Sheary.
14:03 of 2nd period - Shot Misses the Net.
14:33 of 2nd period - Shot by Eric Staal.
14:33 of 2nd period - Stopped by Mike Smith without a rebound.
14:34 of 2nd period - Devante Smith-Pelly wins face-off versus Eric Staal in Flames zone.
14:38 of 2nd period - Justin Faulk is hit by Rickard Rakell and loses puck.
14:54 of 2nd period - Jordan Martinook is hit by Robert Hagg and loses puck.
14:59 of 2nd period - Shot by Devante Smith-Pelly.
14:59 of 2nd period - Shot Misses the Net.
15:01 of 2nd period - Shot by Jared Spurgeon.
15:01 of 2nd period - Stopped by Cam Talbot without a rebound.
15:02 of 2nd period - Valtteri Filppula wins face-off versus Matthew Peca in Senators zone.
15:26 of 2nd period - Shot by Viktor Arvidsson.
15:26 of 2nd period - Shot Misses the Net.
15:28 of 2nd period - Shot by Matthew Peca.
15:28 of 2nd period - Shot Misses the Net.
15:36 of 2nd period - Shot by James van Riemsdyk.
15:36 of 2nd period - Shot Misses the Net.
15:38 of 2nd period - Shot by Alec Martinez.
15:38 of 2nd period - Shot Blocked by Brian Gionta.
16:10 of 2nd period - David Kampf is hit by Connor Brown and loses puck.
16:29 of 2nd period - Shot by Mark Stone.
16:29 of 2nd period - Stopped by Mike Smith without a rebound.
16:30 of 2nd period - Brandon Sutter wins face-off versus Eric Staal in Flames zone.
16:30 of 2nd period - Brandon Sutter is hit by Rickard Rakell.
16:56 of 2nd period - Shot by Brandon Sutter.
16:56 of 2nd period - Stopped by Cam Talbot without a rebound.
16:57 of 2nd period - Matt Stajan wins face-off versus Brandon Sutter in Senators zone.
17:04 of 2nd period - Shot by Jason Chimera.
17:04 of 2nd period - Shot Blocked by Jason Demers.
17:18 of 2nd period - Shot by Matt Stajan.
17:18 of 2nd period - Stopped by Mike Smith without a rebound.
17:19 of 2nd period - Alexander Wennberg wins face-off versus Matthew Peca in Flames zone.
17:22 of 2nd period - Shot by Mark Stone.
17:22 of 2nd period - Shot Blocked by Jared Spurgeon.
18:27 of 2nd period - Shot by Rickard Rakell.
18:27 of 2nd period - Deflect By Eric Staal.
18:27 of 2nd period - Stopped by Mike Smith without a rebound.
18:28 of 2nd period - Valtteri Filppula wins face-off versus Viktor Arvidsson in Flames zone.
18:28 of 2nd period - Adam Larsson is hit by Jason Garrison and loses puck.
18:36 of 2nd period - Valtteri Filppula is hit by Jason Garrison and loses puck.
18:49 of 2nd period - Shot by Valtteri Filppula.
18:49 of 2nd period - Shot Misses the Net.
18:51 of 2nd period - Shot by Jaromir Jagr.
18:51 of 2nd period - Stopped by Mike Smith with a rebound.
18:53 of 2nd period - Shot by Valtteri Filppula.
18:53 of 2nd period - Shot Blocked by Jason Garrison.
19:13 of 2nd period - Eric Staal is hit by Brandon Sutter and loses puck.
Goals for this period are 0 for Flames vs 0 for Senators.
Shots for this period are 9 for Flames vs 10 for Senators.

3rd period


0:01 of 3rd period - Viktor Arvidsson wins face-off versus Alexander Wennberg in neutral zone.
0:25 of 3rd period - Shot by Viktor Arvidsson.
0:25 of 3rd period - Shot Blocked by Matt Bartkowski.
0:27 of 3rd period - Shot by Brandon Sutter.
0:27 of 3rd period - Stopped by Cam Talbot without a rebound.
0:28 of 3rd period - Eric Staal wins face-off versus Matthew Peca in Senators zone.
0:28 of 3rd period - Eric Staal is hit by David Kampf.
0:35 of 3rd period - Eric Staal is hit by Alec Martinez and loses puck.
1:00 of 3rd period - Shot by Eric Staal.
1:00 of 3rd period - Deflect By Patrick Kane.
1:00 of 3rd period - Stopped by Mike Smith with a rebound.
1:44 of 3rd period - Justin Faulk is hit by Brian Gionta and loses puck.
2:11 of 3rd period - Shot by Mark Stone.
2:11 of 3rd period - Shot Misses the Net.
2:21 of 3rd period - Shot by Mark Stone.
2:21 of 3rd period - Stopped by Mike Smith with a rebound.
2:23 of 3rd period - Shot by Alexander Wennberg.
2:23 of 3rd period - Stopped by Mike Smith with a rebound.
2:25 of 3rd period - Shot by Connor Brown.
2:25 of 3rd period - Stopped by Mike Smith without a rebound.
2:26 of 3rd period - Matt Stajan wins face-off versus Brandon Sutter in Flames zone.
2:27 of 3rd period - Shot by Daniel Winnik.
2:27 of 3rd period - Stopped by Mike Smith without a rebound.
2:28 of 3rd period - Matthew Peca wins face-off versus Eric Staal in Flames zone.
2:28 of 3rd period - Matthew Peca is hit by Patrick Kane.
2:31 of 3rd period - Icing by Alec Martinez.
2:32 of 3rd period - Patrick Kane wins face-off versus Matthew Peca in Flames zone.
2:49 of 3rd period - Shot by Jordan Martinook.
2:49 of 3rd period - Stopped by Cam Talbot without a rebound.
2:50 of 3rd period - Alexander Wennberg wins face-off versus Brandon Sutter in Senators zone.
3:07 of 3rd period - Shot by Viktor Arvidsson.
3:07 of 3rd period - Stopped by Cam Talbot with a rebound.
3:09 of 3rd period - Shot by Justin Faulk.
3:09 of 3rd period - Stopped by Cam Talbot without a rebound.
3:10 of 3rd period - Eric Staal wins face-off versus Matthew Peca in Senators zone.
3:10 of 3rd period - Eric Staal is hit by Matthew Peca.
3:28 of 3rd period - Jordan Martinook is hit by Rickard Rakell and loses puck.
3:43 of 3rd period - Shot by Jordan Martinook.
3:43 of 3rd period - Shot Misses the Net.
4:37 of 3rd period - Shot by Mark Stone.
4:37 of 3rd period - Shot Blocked by Jared Spurgeon.
5:36 of 3rd period - Icing by Connor Brown.
5:37 of 3rd period - David Kampf wins face-off versus Alexander Wennberg in Senators zone.
5:41 of 3rd period - Icing by Justin Falk.
5:42 of 3rd period - Alexander Wennberg wins face-off versus David Kampf in Senators zone.
5:49 of 3rd period - Justin Falk is hit by Jordan Martinook and loses puck.
5:53 of 3rd period - Off-side.
5:54 of 3rd period - Valtteri Filppula wins face-off versus Nick Ritchie in neutral zone.
6:21 of 3rd period - Shot by Jordan Martinook.
6:21 of 3rd period - Shot Misses the Net.
7:41 of 3rd period - Icing by Robert Hagg.
7:42 of 3rd period - Eric Staal wins face-off versus Devante Smith-Pelly in Senators zone.
7:42 of 3rd period - Eric Staal is hit by Jordan Martinook.
7:55 of 3rd period - Marc Staal is hit by Justin Falk and loses puck.
8:04 of 3rd period - Shot by Matthew Peca.
8:04 of 3rd period - Stopped by Cam Talbot without a rebound.
8:05 of 3rd period - Alexander Wennberg wins face-off versus Conor Sheary in Senators zone.
8:13 of 3rd period - Mark Stone is hit by Jason Demers and loses puck.
8:36 of 3rd period - Icing by Alec Martinez.
8:37 of 3rd period - Matt Stajan wins face-off versus Brandon Sutter in Flames zone.
8:50 of 3rd period - Shot by Matt Stajan.
8:50 of 3rd period - Deflect By Jason Chimera.
8:50 of 3rd period - Shot Blocked by Alec Martinez.
8:52 of 3rd period - Shot by Jason Chimera.
8:52 of 3rd period - Stopped by Mike Smith without a rebound.
8:53 of 3rd period - Matthew Peca wins face-off versus Eric Staal in Flames zone.
8:55 of 3rd period - Jared Spurgeon is hit by Rickard Rakell and loses puck.
8:59 of 3rd period - Jared Spurgeon is hit by Adam Larsson and loses puck.
9:02 of 3rd period - Shot by Matthew Peca.
9:02 of 3rd period - Stopped by Cam Talbot without a rebound.
9:03 of 3rd period - Matthew Peca wins face-off versus Alexander Wennberg in Senators zone.
10:01 of 3rd period - Icing by Robert Hagg.
10:02 of 3rd period - Alexander Wennberg wins face-off versus Brandon Sutter in Senators zone.
10:06 of 3rd period - Connor Brown is hit by Alec Martinez and loses puck.
10:17 of 3rd period - Shot by Brandon Sutter.
10:17 of 3rd period - Shot Misses the Net.
10:24 of 3rd period - Icing by Adam Larsson.
10:25 of 3rd period - Eric Staal wins face-off versus Brandon Sutter in Senators zone.
10:35 of 3rd period - Icing by David Kampf.
10:36 of 3rd period - Brandon Sutter wins face-off versus Valtteri Filppula in Flames zone.
11:42 of 3rd period - Icing by Jared Spurgeon.
11:43 of 3rd period - Matthew Peca wins face-off versus Alexander Wennberg in Flames zone.
11:43 of 3rd period - Matthew Peca is hit by Alexander Wennberg.
11:57 of 3rd period - Icing by Alexander Wennberg.
11:58 of 3rd period - Viktor Arvidsson wins face-off versus Alexander Wennberg in Senators zone.
12:09 of 3rd period - Shot by Brandon Sutter.
12:09 of 3rd period - Shot Misses the Net.
12:21 of 3rd period - Shot by Mark Stone.
12:21 of 3rd period - Shot Misses the Net.
12:23 of 3rd period - Shot by Mark Stone.
12:23 of 3rd period - Deflect By Alexander Wennberg.
12:23 of 3rd period - Shot Misses the Net.
13:04 of 3rd period - Shot by Rickard Rakell.
13:04 of 3rd period - Shot Blocked by David Kampf.
13:11 of 3rd period - Icing by Matthew Peca.
13:12 of 3rd period - Matt Stajan wins face-off versus Matthew Peca in Flames zone.
13:19 of 3rd period - Shot by Matt Stajan.
13:19 of 3rd period - Stopped by Mike Smith without a rebound.
13:20 of 3rd period - Alexander Wennberg wins face-off versus David Kampf in Flames zone.
13:42 of 3rd period - Alexander Wennberg is hit by Noah Juulsen and loses puck.
13:53 of 3rd period - Shot by Mark Stone.
13:53 of 3rd period - Stopped by Mike Smith without a rebound.
13:54 of 3rd period - Eric Staal wins face-off versus Brandon Sutter in Flames zone.
14:03 of 3rd period - Icing by Eric Staal.
14:04 of 3rd period - Brandon Sutter wins face-off versus Eric Staal in Senators zone.
14:29 of 3rd period - Shot by James van Riemsdyk.
14:29 of 3rd period - Stopped by Cam Talbot without a rebound.
14:30 of 3rd period - Matthew Peca wins face-off versus Alexander Wennberg in Senators zone.
15:12 of 3rd period - Justin Faulk is hit by Mark Stone and loses puck.
16:20 of 3rd period - Shot by Eric Staal.
16:20 of 3rd period - Shot Misses the Net.
16:22 of 3rd period - Shot by Justin Falk.
16:22 of 3rd period - Shot Blocked by Marc Staal.
16:24 of 3rd period - Shot by Patrick Kane.
16:24 of 3rd period - Shot Misses the Net.
16:26 of 3rd period - Shot by Adam Larsson.
16:26 of 3rd period - Stopped by Mike Smith without a rebound.
16:27 of 3rd period - Valtteri Filppula wins face-off versus Conor Sheary in Flames zone.
17:10 of 3rd period - David Kampf is hit by Adam Larsson and loses puck.
17:11 of 3rd period - Minor Penalty to Adam Larsson for Roughing.
17:12 of 3rd period - Matt Stajan wins face-off versus Matthew Peca in Senators zone.
17:26 of 3rd period - Icing by Jordan Martinook.
17:27 of 3rd period - Matt Stajan wins face-off versus Matthew Peca in Flames zone.
18:25 of 3rd period - Shot by Alec Martinez.
18:25 of 3rd period - Shot Blocked by Daniel Winnik.
18:27 of 3rd period - Shot by Alec Martinez.
18:27 of 3rd period - Deflect By James van Riemsdyk.
18:27 of 3rd period - Shot Misses the Net.
18:29 of 3rd period - Shot by Jason Demers.
18:29 of 3rd period - Stopped by Cam Talbot without a rebound.
18:30 of 3rd period - James van Riemsdyk wins face-off versus Valtteri Filppula in Senators zone.
18:51 of 3rd period - Eric Staal is hit by James van Riemsdyk and loses puck.
19:28 of 3rd period - Senators, Cam Talbot is pulled from the net.
19:28 of 3rd period - Shot by Mark Stone.
19:28 of 3rd period - Stopped by Mike Smith without a rebound.
19:29 of 3rd period - Eric Staal wins face-off versus Brandon Sutter in Flames zone.
19:36 of 3rd period - Shot by Mark Stone.
19:36 of 3rd period - Shot Misses the Net.
19:38 of 3rd period - Shot by Robert Hagg.
19:38 of 3rd period - Shot Misses the Net.
19:40 of 3rd period - Shot by Jakob Chychrun.
19:40 of 3rd period - Stopped by Mike Smith with a rebound.
19:42 of 3rd period - Shot by Mark Stone.
19:42 of 3rd period - Shot Misses the Net.
19:46 of 3rd period - Shot by Eric Staal.
19:46 of 3rd period - Shot Misses the Net.
19:48 of 3rd period - Shot by Jakob Chychrun.
19:48 of 3rd period - Stopped by Mike Smith without a rebound.
19:49 of 3rd period - Alexander Wennberg wins face-off versus Matthew Peca in Flames zone.
Goals for this period are 0 for Flames vs 0 for Senators.
Shots for this period are 8 for Flames vs 12 for Senators.